AoeStats
← ivcrk826

Oasis

509663233Analyzed
4v4 RM · 4d ago on Sep 27, 2026· 12m 23s· 8 players
Game mode
Random Map
Map size
Large (8 player)
Population
200
Speed
Normal
Resources
Standard
Victory
Conquest
Starting age
Dark Age
Ending age
Imperial Age
RankedLock teamsTeams togetherTeam positionsShared explorationLock speedFull tech treeHidden civsTurbo modeCheats
Victory
Defeat
🇨🇴 Hindustanis · Colombia
1505
+16
🇲🇽 Chinese · Mexico
1487
+17
🇨🇴 Italians · Colombia
1485
+17
🇨🇴 Khmer · Colombia
1448
+18
🇹🇷 Persians · Türkiye
1523
-18
🇭🇰 Danes · Hong Kong SAR China
1501
-17
🇲🇽 Khmer · Mexico
1492
-17
🇦🇷 Berbers · Argentina
1481
-16
ELEG | IronLeg
5:50 Loom
8:59 Feudal Age
ELEG | Rafcelot
6:23 Loom
8:50 Feudal Age
10:05 Double-Bit Axe
10:51 Horse Collar
赤いドラゴン
0:26 Loom
9:27 Feudal Age
10:43 Double-Bit Axe
11:59 Horse Collar
ELEG | Kynby
8:25 Feudal Age
thefacelessz12
1:49 Loom
9:49 Feudal Age
ivcrk826
7:20 Loom
9:22 Feudal Age
8:56 Loom
11:06 Double-Bit Axe
13:08 Wheelbarrow
Yan
8:45 Feudal Age
9:20 Horse Collar
9:26 Double-Bit Axe
0_TactX
5:53 Loom
8:19 Feudal Age
8:45 Double-Bit Axe
10:19 Horse Collar
Connection lost

Rejoining the realm…

Still unreachable

The connection could not be restored.

Session expired

The server has moved on; the page needs a fresh start.